[Event "European Corporate Championship 2022"]
[Site "Rotterdam"]
[Date "2022.06.18"]
[Round "2.17"]
[White "Vistisen, Lars"]
[Black "Konijn, Bart"]
[Result "0-1"]
[ECO "C45"]
[WhiteElo "2080"]
[BlackElo "2224"]
[Annotator "TA"]
[PlyCount "74"]
[EventDate "2022.06.18"]
[EventType "team-tourn"]
[EventCountry "NED"]
[SourceTitle "playchess.com"]
[Source "ChessBase"]
[SourceQuality "1"]
[TimeControl "900+5"]

1. e4 e5 2. Nf3 Nc6 3. d4 exd4 4. Nxd4 Nf6 5. Nxc6 bxc6 6. e5 Qe7 7. Qe2 Nd5 8. Nd2 g6 9. g3 {[%emt 0:00:22] C45: Scotch Game.} (9. Ne4 $11 {feels stronger.}) 9... Bg7 $15 {[%emt 0:01:04] [#]} 10. f4 $146 ({Predecessor:} 10. Nf3 Qb4+ 11. Nd2 a5 12. c4 Ba6 13. Bh3 O-O-O 14. f4 f5 15. a3 Qc5 16. Rb1 d6 17. b4 axb4 {0-1 (17) Almanza,R (2168)-Manrique,F (1973) Bogota 2013}) 10... O-O 11. Bg2 {[%emt 0:00:12] Black is better.} f6 12. exf6 Qxe2+ ({Stronger than} 12... Bxf6 13. Qxe7 Nxe7 14. c3 $15) 13. Kxe2 Bxf6 {[%emt 0:00:42] Threatens to win with ...Ba6+.} 14. c3 Ba6+ 15. Kf2 {[%emt 0:00:52] [#]} Rae8 ({Black should try} 15... g5 $1 $17 16. Ne4 Be7) 16. Nb3 (16. Ne4 $1 $11 {remains equal.}) 16... d6 {[%emt 0:03:58] Black is much more active. The white rooks are badly placed.} (16... Re2+ $17 17. Kg1 Rfe8) 17. Bf3 $11 Re7 18. Bd2 (18. Rd1 {with more complications.} Rfe8 19. Bd2 Bc8 20. Na5) 18... Nb6 19. Rae1 d5 20. Rxe7 Bxe7 21. h4 Nc4 22. Bc1 Nd6 (22... Bc8 $14) 23. Be3 ({White should play} 23. Na5 $16) 23... Nf5 24. Bxa7 Bc4 25. Bc5 {[%emt 0:00:35] Black must now prevent Bxe7.} Ra8 26. Bxe7 {[%emt 0:00:19] Ba3 is the strong threat.} Nxe7 ({Better is} 26... Rxa2 $14 27. Ba3 Bxb3) 27. Nd2 $16 Rxa2 28. Nxc4 dxc4 {[%emt 0:00:01][%mdl 4096] Endgame KRB-KRN} 29. Rb1 Nd5 30. Bxd5+ (30. Be2 $16) 30... cxd5 {[%emt 0:00:01] KR-KR} 31. Ke3 Kf7 32. Kd4 Ke6 33. Kc5 Ra5+ 34. Kd4 (34. Kc6 $11) 34... Kd6 35. g4 c5+ 36. Ke3 Ra8 37. Ra1 $2 {[%emt 0:00:10][%mdl 8192] [#]} Rxa1 {[%emt 0:00:02] Weighted Error Value: White=0.44/Black=0.20 (precise)} 0-1

[Event "European Corporate Championship 2022"]
[Site "Rotterdam"]
[Date "2022.06.18"]
[Round "2.18"]
[White "Schelvis, Richard"]
[Black "Heer, Stephan"]
[Result "1-0"]
[ECO "A44"]
[WhiteElo "2157"]
[BlackElo "2047"]
[Annotator "TA"]
[PlyCount "72"]
[EventDate "2022.06.18"]
[EventType "team-tourn"]
[EventCountry "NED"]
[SourceTitle "playchess.com"]
[Source "ChessBase"]
[SourceQuality "1"]
[TimeControl "900+5"]

1. d4 c5 2. d5 e5 3. dxe6 fxe6 4. g3 Nf6 5. Bg2 Be7 6. Nf3 {[%emt 0:00:10] A44: Semi-Benoni.} (6. c4 $142) 6... O-O 7. O-O Nc6 8. c4 {[%emt 0:00:19] The position is equal.} d6 (8... d5 $15) 9. Nc3 a6 (9... d5 {feels hotter.} 10. cxd5 exd5 11. e4 dxe4 12. Ng5 Qxd1 13. Rxd1 Bg4) 10. e4 Rb8 {[%emt 0:01:11] [#]} 11. Bf4 $146 ({Predecessor:} 11. Qe2 Nd4 12. Qd3 e5 13. Nd5 Nxd5 14. cxd5 b5 15. b3 Nxf3+ 16. Bxf3 Bg5 17. Bg2 Bxc1 18. Raxc1 Bg4 19. h3 Bh5 20. Rc2 {½-½ (20) Kapanen,K (1847)-Paulasto,T (1890) Finland 2018}) 11... e5 12. Bg5 Nd4 13. Bxf6 Bxf6 14. Nxd4 cxd4 15. Nd5 Be6 16. b4 b5 17. c5 Re8 (17... dxc5 $11 18. bxc5 Rc8) 18. Rc1 (18. c6 $16 {Threatens to win with c7.} Rc8 19. Qc2) 18... Rc8 {[%emt 0:01:01] White now steadily converts the win.} (18... dxc5 $1 $11 19. Rxc5 Rc8) 19. c6 $16 {[%emt 0:01:19] White is more active.} Bxd5 20. exd5 e4 21. Bh3 Rc7 22. Be6+ Kh8 (22... Rxe6 $142 23. dxe6 d5) 23. Re1 Rxe6 $2 {[%emt 0:00:31] [#]} (23... e3 {was necessary.} 24. Rc2 (24. fxe3 dxe3 25. Rc2 Qa8 $18) 24... exf2+ 25. Rxf2 Be5) 24. dxe6 $18 d5 25. a4 Qd6 26. axb5 axb5 27. Rc5 Qxe6 28. Qh5 Rxc6 29. Qxd5 Qxd5 30. Rxd5 {[%emt 0:00:01][%mdl 4096] [#] Endgame Strongly threatening Rc5. KRR-KRB} Re6 31. Rxb5 {[%emt 0:00:01] Intending Rb8+ and mate.} h6 32. Rd5 Rb6 33. b5 {[%emt 0:00:06] White is clearly winning.} Re6 34. h4 Kh7 35. Kg2 Kg6 36. g4 d3 {[%emt 0:00:11] Weighted Error Value: White=0.19 (very precise) /Black=0.46} 1-0

[Event "European Corporate Championship 2022"]
[Site "Rotterdam"]
[Date "2022.06.18"]
[Round "2.19"]
[White "Liefrink, Feike"]
[Black "Jap Tjoen San, Linda"]
[Result "0-1"]
[ECO "C41"]
[WhiteElo "1927"]
[BlackElo "2045"]
[Annotator "NA RC"]
[PlyCount "70"]
[EventDate "2022.06.18"]
[EventType "team-tourn"]
[EventCountry "NED"]
[SourceTitle "playchess.com"]
[Source "ChessBase"]
[SourceQuality "1"]
[TimeControl "900+5"]

1. Nc3 d6 2. Nf3 Nf6 3. d4 Nbd7 4. e4 e5 5. Bc4 Be7 6. O-O O-O 7. a4 c6 8. a5 h6 9. Re1 Qc7 10. Bb3 Re8 11. d5 Nc5 12. Bc4 Bg4 13. Qe2 Bf8 14. b4 Ncd7 15. Bb2 Rac8 16. Bb3 a6 17. Rad1 cxd5 18. Nxd5 Nxd5 19. Rxd5 Nf6 20. Rdd1 d5 21. Bxd5 Bxb4 22. Rf1 Bxa5 23. c4 Bb4 24. h3 Bxf3 25. Qxf3 a5 26. Qb3 b6 27. Qa4 Re7 28. Rc1 Qc5 29. Kh1 Bd2 30. Rcd1 Bb4 31. Rc1 Qc7 32. Qb3 Qd8 33. Rfd1 Qe8 34. Ra1 Nd7 35. Bb7 Nc5 0-1